 Dungeon Crawl Stone Soup version 0.30.1-4-g462c640d31 (webtiles) character file.

Game seed: 18395269454802895207

28418 monsoonserge the Cruncher (level 13, -2/115 HPs)
             Began as a Hill Orc Fighter on Sept 3, 2023.
             Was a High Priest of Elyvilon.
             Killed by divine providence
             ... invoked by Saint Roka
              (20 damage)
             ... on level 2 of the Orcish Mines.
             The game lasted 00:44:17 (15261 turns).

monsoonserge the Cruncher (Hill Orc Fighter)       Turns: 15261, Time: 00:44:18

Health: -2/115     AC: 27    Str: 24    XL:     13   Next: 38%
Magic:  19/21      EV:  9    Int: 12    God:    Elyvilon [*****.]
Gold:   1368       SH:  5    Dex: 14    Spells: 12/12 levels left

rFire   + + +        r - +10 quarterstaff of Leepriet {heavy, rF+ rN+ Int+4}
rCold   + + .        (shield currently unavailable)
rNeg    + . .        o - +4 storm dragon scales "Emimiz" {Harm rElec rC+ Dex+4}
rPois   .            w - +1 helmet
rElec   +            x - scarf {rC+ rF+}
rCorr   .            (no gloves)
SInv    .            k - +0 pair of boots
Will    .....        K - amulet of reflection Stlth
                     A - +4 ring of protection
HPRegen 0.39/turn    X - ring of protection from fire
MPRegen 0.17/turn

%: harm (+30% outgoing, +20% incoming), reflection
@: no status effects
A: no striking features
a: Renounce Religion, Convert to Beogh, Purification, Heal Other, Heal Self,
Divine Vigour


You were on level 2 of the Orcish Mines.
You worshipped Elyvilon.
Elyvilon was extremely pleased with you.
You visited 3 branches of the dungeon, and saw 16 of its levels.

You collected 1575 gold pieces.
You spent 207 gold pieces at shops.

Inventory:

Hand Weapons
 r - the +10 quarterstaff of Leepriet (weapon) {heavy, rF+ rN+ Int+4}
   (You found it on level 3 of the Dungeon)

   Int:       It affects your intelligence (+4).
   rF:        It protects you from fire.
   rN:        It protects you from negative energy.
 Z - the +8 hand axe of Dividends {flame, rElec rPois rC- Dex+4 Stlth+}
   (You found it on level 13 of the Dungeon)

   Dex:       It affects your dexterity (+4).
   rC:        It makes you vulnerable to cold.
   rElec:     It insulates you from electricity.
   rPois:     It protects you from poison.
   Stlth:     It makes you more stealthy.
Missiles
 a - 2 silver boomerangs
 t - 16 poisoned darts (quivered)
 z - 5 javelins
 H - 10 boomerangs
 I - a boomerang of dispersal
 L - 3 curare-tipped darts
 M - 4 silver javelins
 N - 3 throwing nets
Armour
 c - a +0 buckler
 k - a +0 pair of boots (worn)
 o - the +4 storm dragon scales "Emimiz" (worn) {Harm rElec rC+ Dex+4}
   (You found it on level 2 of the Dungeon)

   Dex:       It affects your dexterity (+4).
   rC:        It protects you from cold.
   rElec:     It insulates you from electricity.
   Harm:      It increases damage dealt and taken.
 w - a +1 helmet (worn)
 x - a scarf of resistance (worn)
Jewellery
 A - a +4 ring of protection (left hand)
 K - an amulet of reflection (around neck)
 X - a ring of protection from fire (right hand)
Wands
 h - a wand of charming (2)
 y - a wand of light (5)
 F - a wand of flame (33)
 O - a wand of mindburst (6)
 S - a wand of iceblast (7)
 U - a wand of digging (3)
Scrolls
 b - 2 scrolls of poison
 e - 4 scrolls of immolation
 g - 5 scrolls of vulnerability
 i - 2 scrolls of enchant armour
 q - 3 scrolls of blinking
 u - 3 scrolls of fog
 v - 9 scrolls of teleportation
 C - a scroll of enchant weapon
 D - a scroll of fear
 T - 2 scrolls of magic mapping
 V - a scroll of butterflies {unknown}
Potions
 d - 2 potions of might
 f - a potion of heal wounds
 j - 2 potions of attraction {unknown}
 l - 3 potions of haste
 m - 7 potions of mutation
 p - 11 potions of curing {unknown}
 s - 2 potions of flight {unknown}
 B - 3 potions of lignification {unknown}
 E - 2 potions of brilliance {unknown}
 R - a potion of magic {unknown}
 W - a potion of degeneration {unknown}
 Y - a potion of resistance {unknown}
Miscellaneous
 P - a condenser vane
 Q - a phantom mirror


   Skills:
 + Level 10.9 Fighting
 + Level 5.0 Axes
 + Level 12.9 Staves
 + Level 0.6 Throwing
 + Level 12.7 Armour
 - Level 2.0 Dodging
 + Level 1.2 Stealth
 + Level 3.7 Shields
 * Level 11.3 Invocations
 - Level 3.0 Evocations


You had 12 spell levels left.
You didn't know any spells.
Your spell library contained the following spells:

 Spells                   Type           Power      Damage    Failure   Level
 Kiss of Death            Conj/Necr      0%         2d5       83%         1
 Magic Dart               Conj           0%         1d3       83%         1
 Necrotise                Necr           0%         1d4       83%         1
 Poisonous Vapours        Pois/Air       0%         N/A       93%         2
 Searing Ray              Conj           0%         2d4       93%         2
 Dazzling Flash           Conj/Hex       0%         N/A       99%         3
 Inner Flame              Hex/Fire       0%         N/A       99%         3
 Mephitic Cloud           Conj/Pois/Air  0%         N/A       99%         3
 Vampiric Draining        Necr           0%         2d6       99%         3
 Dispel Undead            Necr           0%         3d6       100%        4
 Flame Wave               Conj/Fire      0%         2d4       100%        4
 Fulminant Prism          Conj/Hex       0%         3d5       100%        4
 Manifold Assault         Tloc           0%         N/A       100%        4
 Sticky Flame             Conj/Fire      0%         2d3       100%        4
 Agony                    Necr           0%         N/A       100%        5
 Freezing Cloud           Conj/Ice/Air   0%         6-21      100%        5
 Silence                  Hex/Air        0%         N/A       100%        5
 Yara's Violent Unravell  Hex/Tmut       0%         3d3       100%        5
 Dispersal                Tloc           0%         N/A       100%        6
 Enfeeble                 Hex            0%         N/A       100%        7
 Malign Gateway           Summ/Tloc      0%         N/A       100%        7
 Disjunction              Tloc           0%         N/A       100%        8


Dungeon Overview and Level Annotations

Branches:
Dungeon (13/15)            Temple (1/1) D:7            Lair (0/5) D:9
    Orc (2/2) D:12            Elf (0/3) Orc:2        Vaults (0/5) D:13

Altars:
Ashenzari
Cheibriados
Dithmenos
Elyvilon
Fedhas
Gozag
Hepliaklqana
Kikubaaqudgha
Makhleb
Nemelex Xobeh
Okawaru
Qazlal
Ru
Sif Muna
Trog
Uskayaw
Vehumet
Wu Jian
Xom
Yredelemnul
Zin
The Shining One
Beogh

Shops:
D:6 ?=   D:10 [   Orc:1 !*

Annotations:
D:7 2 transporters, ranchalot's ghost, novice DgFE
Orc:2 Saint Roka


Message History

The orc warrior hits you from afar with a +0 trident!
The orc warrior hits you with a +0 trident.
Saint Roka roars a battlecry!
Unknown command.
Press: ? - help, Dir - move target, f - Saint Roka, p - orc sorcerer Heal: Saint Roka, wielding a +0 arbalest and wearing a +0 chain mail (uninterested)
The orc warrior attacks as you move away!
The orc warrior hits you with a +0 trident.
The orc warrior no longer looks unusually strong. x3
The orc warrior completely misses you.
Saint Roka mumbles some strange prayers to Beogh against you.
Beogh smites you!
The orc warrior unwields a +0 arbalest.
The orc warrior wields a +0 war axe.
You block the orc warrior's attack.
The orc wizard casts a spell.
The orc wizard flickers and vanishes!
Deactivating autopickup; reactivate with Ctrl-A.
Saint Roka roars a battlecry!
The orc warriors go into a battle-frenzy!
Unknown command.
The orc warrior attacks as you move away!
The orc warrior hits you with a +0 war axe!
* * * LOW HITPOINT WARNING * * *
Saint Roka roars a battlecry!
Unknown command.
Aiming: Charm
Press: ? - help, Shift-Dir - straight line, f - orc warrior, p - orc sorcerer
Aim: an orc warrior, wielding a +0 short sword and wearing a +0 plate armour (strong, chance to affect: 56%)
The orc warrior is charmed.
The orc warrior completely misses you. The orc warrior barely misses you.
The orc warrior hits your orc warrior but does no damage.
The orc warrior unwields a +0 war axe.
The orc warrior wields a +0 arbalest.
The orc warrior shoots a bolt.
The bolt barely misses your orc warrior.
The bolt misses you.
Saint Roka calls down the wrath of Beogh upon you.
Beogh smites you!
* * * LOW HITPOINT WARNING * * *
Saint Roka mumbles some strange prayers to Beogh against you.
Beogh smites you!
You die...

.. .#......... o. ...........#
....... #......#..... o.oo...
#........#.... o.o..o.
#....#......... #o.oo.#
#............... #.....#
###................ #8..o8###
##.#...# .......... #.....#.##
##oo@..# #.........
#.....#).####o.....#####.........
.....))o)o..o...#.##.##..........
.......)..))o#...##.........#....
........).#...#.###...#....###...
.......)####.o##.##.......###....
..#...... #...............###...
........## ##.##...........#.##..
.......## #####................


You could see Saint Roka, 3 orc warriors, an orc (strong), a neutral orc
sorcerer (wandering) and a friendly orc warrior (charmed, strong).

Vanquished Creatures
  Harold (D:10)
  4 two-headed ogres
  2 centaur warriors
  2 dancing weapons (D:13)
  3 tengu warriors (D:13)
  Nergalle (D:11)
  5 orc knights
  A wizard (D:11)
  A deep elf pyromancer (D:12)
  Pikel (Temple)
  4 orc sorcerers
  4 cyclopes
  2 manticores
  A kobold demonologist (D:9)
  2 komodo dragons
  A freezing wraith (D:10)
  6 trolls
  2 hornets
  A shadow (D:8)
  2 vampires
  3 wyverns
  4 wraiths
  A yak (D:9)
  2 basilisks
  3 steam dragons (D:9)
  Menkaure (D:7)
  4 wargs
  2 acid dragons (D:9)
  4 ice beasts
  27 orc warriors
  A sky beast (shapeshifter) (D:9)
  3 ogres
  4 centaurs
  A phantom (D:4)
  4 lemures (Temple)
  2 kobold brigands
  6 bullfrogs
  A gnoll sergeant (D:12)
  10 wights (D:9)
  5 killer bees (D:8)
  12 howler monkeys
  20 orc priests
  A hound (D:7)
  5 jellies
  2 gnoll boudas (D:9)
  2 sleepcaps (D:6)
  19 orc wizards
  Robin (D:4)
  5 adders
  12 gnolls
  2 white imps (D:6)
  An ufetubus (D:5)
  A worm (D:3)
  3 dart slugs
  109 orcs
  4 ball pythons
  2 bats (D:1)
  10 endoplasms
  15 giant cockroaches
  13 goblins
  12 hobgoblins
  3 jackals (D:4)
  A quokka (D:4)
  2 frilled lizards
  10 kobolds
  8 rats
409 creatures vanquished.

Vanquished Creatures (others)
  An orc priest (Orc:2)
  An orc wizard (D:3)
2 creatures vanquished.

Grand Total: 411 creatures vanquished

Notes
Turn   | Place    | Note
-------+----------+-------------------------------------------
     0 | D:1      | monsoonserge the Hill Orc Fighter began the quest for the
                  | Orb.
     0 | D:1      | Reached XP level 1. HP: 19/19 MP: 1/1
    22 | D:1      | You fall into a shaft and drop 1 floor!
   153 | D:1      | Reached XP level 2. HP: 27/27 MP: 2/2
   367 | D:1      | Reached XP level 3. HP: 32/33 MP: 3/3
   744 | D:2      | Identified the +4 storm dragon scales "Emimiz" {Harm rElec
                  | rC+ Dex+4}
   942 | D:2      | Found a faded altar of an unknown god.
  1087 | D:3      | Reached XP level 4. HP: 24/40 MP: 4/4
  1168 | D:3      | Identified the +10 quarterstaff of Leepriet {heavy, rF+ rN+
                  | Int+4}
  1173 | D:3      | Got the Folio of the Amalgamated Mausoleum
  1398 | D:3      | Reached skill level 5 in Axes
  1398 | D:3      | Reached XP level 5. HP: 46/46 MP: 5/5
  1781 | D:3      | Noticed a kobold brigand
  1787 | D:3      | Killed a kobold brigand
  1788 | D:3      | Reached skill level 1 in Staves
  1788 | D:3      | Reached XP level 6. HP: 40/53 MP: 6/6
  2124 | D:4      | Noticed Robin
  2137 | D:4      | Killed Robin
  2490 | D:4      | Reached skill level 1 in Dodging
  2490 | D:4      | Reached XP level 7. HP: 55/60 MP: 7/7
  2827 | D:5      | Entered Level 5 of the Dungeon
  2884 | D:5      | Reached skill level 5 in Fighting
  2884 | D:5      | Reached skill level 5 in Armour
  3424 | D:6      | Found Vazopuss's Jewellery Shoppe.
  3462 | D:6      | Found Muron's Magic Scroll Shoppe.
  3480 | D:6      | Bought a scroll of teleportation for 42 gold pieces
  3620 | D:6      | Reached skill level 5 in Staves
  3620 | D:6      | Reached XP level 8. HP: 68/68 MP: 8/8
  3941 | D:7      | Found a transporter.
  3964 | D:7      | Found a staircase to the Ecumenical Temple.
  3969 | D:7      | Noticed Pikel
  3973 | Temple   | Entered the Ecumenical Temple
  4308 | Temple   | Became a worshipper of Elyvilon the Healer
  4355 | D:7      | Noticed Menkaure
  4376 | Temple   | Killed Pikel
  4483 | D:7      | Killed Menkaure
  4505 | D:7      | Noticed ranchalot's ghost (novice DgFE)
  4507 | D:7      | Found a transporter.
  5054 | D:7      | Reached XP level 9. HP: 75/75 MP: 9/9
  5281 | D:8      | Reached * piety under Elyvilon
  5351 | D:8      | Reached skill level 1 in Invocations
  6082 | D:8      | Reached ** piety under Elyvilon
  6210 | D:9      | Noticed a kobold demonologist
  6225 | D:9      | Killed a kobold demonologist
  6229 | D:9      | Reached XP level 10. HP: 30/86 MP: 8/12
  6231 | D:9      | Noticed a two-headed ogre
  6472 | D:8      | Killed a two-headed ogre
  6481 | D:9      | Reached skill level 5 in Invocations
  6483 | D:9      | Noticed a two-headed ogre
  6720 | D:8      | Killed a two-headed ogre
  6878 | D:9      | Found a white marble altar of Elyvilon.
  6913 | D:9      | Identified the +1 long sword "Jidysoag" {elec, Dex+2}
  6913 | D:9      | Identified the staff of death "Ubilaino" {rN+ Str+6 Dex+2}
  6956 | D:9      | Noticed a +0 hand axe
  6957 | D:9      | Noticed a +0 hand axe
  6959 | D:9      | Found a hide-covered altar of Uskayaw.
  7310 | D:9      | Found a staircase to the Lair.
  7376 | D:9      | Reached skill level 10 in Staves
  7387 | D:9      | Reached *** piety under Elyvilon
  7442 | D:9      | Reached XP level 11. HP: 94/94 MP: 15/15
  7647 | D:10     | Entered Level 10 of the Dungeon
  7695 | D:10     | Noticed a two-headed ogre
  7705 | D:10     | Killed a two-headed ogre
  7713 | D:10     | Noticed a two-headed ogre
  7717 | D:10     | Noticed a centaur warrior
  7727 | D:10     | Killed a two-headed ogre
  7728 | D:10     | Reached skill level 10 in Armour
  7735 | D:10     | Killed a centaur warrior
  7915 | D:10     | Found Cheibriados's Comfort Zone.
  7916 | D:10     | Found a snail-covered altar of Cheibriados.
  8308 | D:10     | Noticed Harold
  8318 | D:10     | Killed Harold
  8491 | D:10     | Reached **** piety under Elyvilon
  9404 | D:11     | Noticed Nergalle
  9411 | D:11     | Killed Nergalle
  9638 | D:11     | Paralysed by a hornet for 3 turns
 10121 | D:11     | Noticed a wizard
 10125 | D:11     | Killed a wizard
 10144 | D:11     | Noticed a manticore
 10148 | D:11     | Killed a manticore
 10352 | D:12     | Noticed a cyclops
 10364 | D:11     | Reached skill level 1 in Stealth
 10383 | D:12     | Killed a cyclops
 10384 | D:12     | Reached XP level 12. HP: 58/104 MP: 10/18
 10585 | D:12     | Reached ***** piety under Elyvilon
 10610 | D:12     | Reached skill level 1 in Evocations
 10981 | D:12     | Found a staircase to the Orcish Mines.
 11367 | D:12     | Found a roughly hewn altar of Beogh.
 11606 | D:13     | Noticed a centaur warrior
 11613 | D:13     | Killed a centaur warrior
 11626 | D:13     | Noticed a tengu warrior
 11628 | D:13     | Noticed a tengu warrior
 11637 | D:13     | Killed a tengu warrior
 11638 | D:13     | Killed a tengu warrior
 11895 | D:13     | Noticed a tengu warrior
 11901 | D:13     | Killed a tengu warrior
 11902 | D:13     | Reached skill level 10 in Fighting
 11902 | D:13     | Reached skill level 10 in Invocations
 11949 | D:13     | Found a gate to the Vaults.
 12113 | D:13     | Identified the +8 hand axe of Dividends {flame, rElec rPois
                  | rC- Dex+4 Stlth+}
 13036 | Orc:1    | Entered Level 1 of the Orcish Mines
 13421 | Orc:1    | Noticed a sun demon
 13427 | Orc:1    | Paralysed by an orc sorcerer for 4 turns
 13432 | Orc:1    | Reached XP level 13. HP: 36/114 MP: 10/20
 13831 | Orc:1    | Found Kych's Assorted Antiques.
 13845 | Orc:1    | Bought a shiny helmet for 165 gold pieces
 14313 | Orc:1    | Found Uvasaamn's Distillery.
 14324 | Orc:1    | Found a roughly hewn altar of Beogh.
 14434 | Orc:2    | Entered Level 2 of the Orcish Mines
 14560 | Orc:2    | Found a staircase to the Elven Halls.
 14662 | Orc:2    | Noticed Saint Roka
 15261 | Orc:2    | Killed from afar by Saint Roka

Illustrated notes

Levels and vault maps discovered:
D:1:      erik_arrival_orb_chamber, layout_rooms, serial_curves, eino_curves_03,
          eino_curves_02
D:2:      minmay_roachtagon, layout_rooms,
          shapermc_ecumenical_altar_totnotflames, minmay_misc_feat_tower,
          roderic_filled_cross
D:3:      cheibrodos_thug_alley, layout_loops_ring,
          hangedman_abyss_or_decor_lesser_grid, grunt_ministairs_5
D:4:      layout_loops_ring, uniq_robin
D:5:      layout_gridville, amcnicky_mini_rare_corridor_liquid
D:6:      layout_basic, serial_shops, shop_scrolls, nicolae_take_the_stairs
D:7:      layout_basic, minmay_temple_entry_mist, gammafunk_ghost_smash,
          hangedman_abyss_or_decor_stagger, uniq_menkaure, uniq_pikel
D:8:      layout_basic, minivault_26, minmay_misc_feat_iff,
          minmay_misc_feat_tiny
D:9:      minmay_the_grid_square_5x5_3x3 [minmay_the_grid_square_5x5_shrine2,
          minmay_the_grid_square_5x5_half_checkered,
          minmay_the_grid_square_5x5_bracketed,
          minmay_the_grid_square_5x5_shrine1,
          minmay_the_grid_square_5x5_megaprize_checkered,
          minmay_the_grid_square_5x5_fat_x,
          minmay_the_grid_square_5x5_broken_cross,
          minmay_the_grid_square_5x5_eight_small,
          minmay_the_grid_square_5x5_bite], layout_stronghold,
          dancing_weapons_uskayaw
D:10:     minmay_distorted_concentric_squares, layout_layer_cave,
          minmay_fountain_box, grunt_ministairs_6, roderic_roman_lattice,
          minivault_21, grunt_decor_one_mirror, minmay_shop_chei, uniq_harold
D:11:     layout_basic, uniq_nergalle
D:12:     layout_roguey [special_room_orc], hiddenorc2_lemuel,
          grunt_ministairs_7
D:13:     layout_stronghold, erik_vaults_1
Temple:   regret_index_temple_sigil_plot
Orc:1:    layout_caves, basic_altar, serial_shops, nicolae_shop_back_alley_shop,
          guppyfry_orc_lava_fort
Orc:2:    grunt_orc_cross, layout_caves, rock_pile

Skill      XL: |  1  2  3  4  5  6  7  8  9 10 11 12 13 |
---------------+----------------------------------------+-----
Axes           | 3 4 5 |  5.0
Fighting       | 4 5 6 7 8 9 10 | 10.9
Armour         | 4 5 6 8 9 11 12 | 12.7
Staves         | 1 3 5 6 8 10 11 12 | 12.9
Dodging        | 1 2 |  2.0
Invocations    | 3 6 9 10 11 | 11.3
Stealth        | 1 |  1.2
Evocations     | 3 |  3.0
Throwing       | |  0.6
Shields        | |  3.7

Action                     |  1- 3 |  4- 6 |  7- 9 | 10-12 | 13-15 || total
---------------------------+-------+-------+-------+-------+-------++-------
  Melee: War axe           |   112 |    15 |       |       |       ||   127
         Quarterstaff      |       |   102 |   168 |   390 |   131 ||   791
  Throw: Dart              |       |       |       |     3 |       ||     3
 Invoke: Heal Self         |       |       |       |     1 |     3 ||     4
         Heal Other        |       |       |       |     1 |     2 ||     3
         Purification      |       |       |       |       |     1 ||     1
         Divine Vigour     |       |       |       |       |     1 ||     1
  Evoke: Wand              |       |       |     3 |     1 |     1 ||     5
         Condenser vane    |       |       |       |     1 |       ||     1
    Use: Scroll            |       |       |    10 |     4 |     1 ||    15
         Potion            |       |       |       |       |     3 ||     3
 Armour: Scale mail        |    42 |       |       |       |       ||    42
         Storm dragon scal |    24 |    94 |   153 |   347 |   128 ||   746
  Dodge: Dodged            |    53 |    56 |    96 |   230 |    69 ||   504
  Block: Buckler           |    17 |       |       |       |       ||    17
         Other             |       |       |       |       |    14 ||    14
         Reflection        |       |       |       |       |     2 ||     2
